 Dungeon Crawl Stone Soup version 0.29.1-1-gd02db6906a (webtiles) character file.

Game seed: 538000440332607184

104765 EvilAshe the Tortoise (level 16, -3/130 HPs)
             Began as a Human Fighter on Oct 2, 2022.
             Was a Follower of Yredelemnul.
             Killed from afar by a merfolk aquamancer (11 damage)
             ... with a ball of steam
             ... on level 2 of the Shoals on Oct 4, 2022.
             The game lasted 01:17:05 (35139 turns).

EvilAshe the Tortoise (Human Fighter)              Turns: 35139, Time: 01:17:06

Health: -3/130     AC: 33    Str: 19    XL:     16   Next: 93%
Magic:  21/26      EV: 11    Int:  9    God:    Yredelemnul [*.....]
Gold:   1581       SH: 17    Dex: 24    Spells: 15/15 levels left

rFire   . . .      SeeInvis .   a - +0 long sword (venom)
rCold   . . .      Faith    .   B - +0 kite shield
rNeg    . . .      Spirit   .   S - +2 plate armour {rPois}
rPois   +          Reflect  +   H - +2 helmet
rElec   .          Harm     .   s - +0 cloak
rCorr   .          Rampage  .   t - +1 pair of gloves
Will    +....                   Y - +1 pair of boots
Stlth   ..........              P - amulet of reflection
HPRegen 0.31/turn               p - +6 ring of dexterity
MPRegen 0.20/turn               o - +4 ring of protection

@: engulfed (cannot breathe), mesmerised
A: no striking features
a: Renounce Religion, Recall Undead Harvest


You were on level 2 of the Shoals.
You worshipped Yredelemnul.
Yredelemnul was pleased with you.
You visited 3 branches of the dungeon, and saw 22 of its levels.

You collected 1581 gold pieces.

Inventory:

Hand Weapons
 a - a +0 long sword of venom (weapon)
 b - a +1 scimitar of flaming
Missiles
 c - 2 throwing nets
 u - 10 javelins
 z - 7 curare-tipped darts (quivered)
 A - 30 poisoned darts
 E - 6 boomerangs
 U - 8 atropa-tipped darts
 Z - 11 datura-tipped darts
Armour
 s - a +0 cloak (worn)
 t - a +1 pair of gloves (worn)
 B - a +0 kite shield (worn)
 H - a +2 helmet (worn)
 S - a +2 plate armour of poison resistance (worn)
 Y - a +1 pair of boots (worn)
Jewellery
 n - an amulet of guardian spirit
 o - a +4 ring of protection (right hand)
 p - a +6 ring of dexterity (left hand)
 O - a ring of protection from fire
 P - an amulet of reflection (around neck)
 W - a ring of ice
Wands
 g - a wand of digging (10)
 J - a wand of light (8)
 L - a wand of flame (45)
 M - a wand of roots (15)
 Q - a wand of paralysis (15)
 T - a wand of polymorph (2)
Scrolls
 e - 3 scrolls of vulnerability
 f - a scroll of summoning
 h - 2 scrolls of brand weapon
 i - 2 scrolls of fear
 j - 5 scrolls of poison
 l - 10 scrolls of teleportation
 m - 3 scrolls of blinking
 w - a scroll of silence
 y - a scroll of amnesia
 C - a scroll of enchant armour
 F - 3 scrolls of enchant weapon
 N - 2 scrolls of magic mapping
 R - 2 scrolls of identify
Potions
 d - 7 potions of might
 k - 2 potions of haste
 q - 4 potions of mutation
 r - 5 potions of magic
 v - a potion of flight
 D - 2 potions of brilliance
 G - a potion of ambrosia
 I - 2 potions of berserk rage
 K - 9 potions of curing
 V - a potion of heal wounds
 X - a potion of resistance
Miscellaneous
 x - a condenser vane


   Skills:
 + Level 13.1 Fighting
 - Level 14.0 Long Blades
 + Level 15.2 Armour
 - Level 10.0 Dodging
 + Level 6.4 Shields
 + Level 13.8 Invocations


You had 15 spell levels left.
You didn't know any spells.
Your spell library contained the following spells:

 Spells                   Type           Power      Damage    Failure   Level
 Apportation              Tloc           0%         N/A       100%        1
 Freeze                   Ice            0%         1d3       100%        1
 Sandblast                Erth           0%         2d4       100%        1
 Slow                     Hex            0%         N/A       100%        1
 Blink                    Tloc           0%         N/A       100%        2
 Passwall                 Tmut/Erth      0%         N/A       100%        2
 Confusing Touch          Hex            0%         N/A       100%        3
 Frozen Ramparts          Ice            0%         1d1       100%        3
 Lesser Beckoning         Tloc           0%         N/A       100%        3
 Stone Arrow              Conj/Erth      0%         3d7       100%        3
 Summon Guardian Golem    Hex/Summ       0%         N/A       100%        3
 Tukima's Dance           Hex            0%         N/A       100%        3
 Vampiric Draining        Necr           0%         2d6       100%        3
 Hailstorm                Conj/Ice       0%         3d3       100%        4
 Ice Form                 Ice/Tmut       0%         N/A       100%        4
 Passage of Golubria      Tloc           0%         N/A       100%        4
 Summon Ice Beast         Ice/Summ       0%         N/A       100%        4
 Summon Lightning Spire   Summ/Air       0%         N/A       100%        4
 Alistair's Intoxication  Tmut/Pois      0%         N/A       100%        5
 Manifold Assault         Tloc           0%         N/A       100%        5
 Silence                  Hex/Air        0%         N/A       100%        5
 Yara's Violent Unravell  Hex/Tmut       0%         3d3       100%        5
 Orb of Destruction       Conj           0%         9d5       100%        7
 Spellforged Servitor     Conj/Summ      0%         N/A       100%        7
 Storm Form               Tmut/Air       0%         N/A       100%        7
 Lehudib's Crystal Spear  Conj/Erth      0%         10d2      100%        8
 Maxwell's Capacitive Co  Air            0%         ∞         100%        8


Dungeon Overview and Level Annotations

Branches:
Dungeon (15/15)            Temple (0/1) D:7            Lair (5/5) D:9
 Shoals (2/4) Lair:2       Spider (0/4) Lair:2        Slime (0/5) Lair:5
    Orc (0/2) D:12         Vaults (0/5) D:14         Depths (0/4) D:15

Altars:
Ashenzari
Cheibriados
Elyvilon
Fedhas
Hepliaklqana
Kikubaaqudgha
Nemelex Xobeh
Okawaru
Sif Muna
Wu Jian
Xom
Yredelemnul
The Shining One

Shops:
D:5 (   D:8 :   D:10 [   D:15 *

Portals:
Trove: D:13 (give +4 shadow dragon scales)

Annotations:
D:14 Roxanne


Message History

Your lungs strain for air!
The merfolk shouts!
The water elemental completely misses you.
You block the water elemental's attack.
You block the merfolk aquamancer's attack.
The merfolk siren chants its luring song.
The water elemental hits you. The sea snake barely misses you.
You block the merfolk aquamancer's attack.
Your merfolk zombie barely misses the water elemental.
You closely miss the merfolk aquamancer.
The merfolk aquamancer is severely wounded.
* * * LOW HITPOINT WARNING * * *
Your lungs strain for air!
The water elemental hits you. x3
The merfolk siren chants its luring song.
The sea snake barely misses you.
You block the merfolk aquamancer's attack.
The merfolk hits you but does no damage.
You hit the merfolk aquamancer.
The merfolk aquamancer is almost dead.
* * * LOW HITPOINT WARNING * * *
Your lungs strain for air!
The water elemental hits you. x2
The merfolk aquamancer hits you with a +3 rapier of speed!
* * * LOW HITPOINT WARNING * * *
Your merfolk zombie hits the water elemental.
The water elemental is destroyed!
The sea snake bites you but does no damage.
The merfolk siren chants its luring song.
The merfolk misses you.
You cannot read scrolls while unable to breathe!
You slip free of the water engulfing you.
* * * LOW HITPOINT WARNING * * *
Your lungs strain for air!
You block the water elemental's attack. The water elemental hits you.
The sea snake bites you but does no damage.
The merfolk aquamancer gestures at you while chanting.
The ball of steam hits you!
You die...
Your body rises from the dead as a mindless zombie.

~~.~~~~~~~~~~~~~~....
~..~...~~~~~~~~~~~~~~..~
~~~~~..~~.~~≈≈≈≈~~~..~~.
~~~~...~~~~~≈≈≈~~..####.
~....#.~~~.~≈≈~~~...####
.....##.~.~~~~~~.~......
.........~Z~~~~~..~~..~~
..~....S###Z~m~~~~~~~).~
..~...m@§##.~~~~~~~~~~!~
......ZEEm..~~~~~~~~~~~~
.......m..m.~~~~~~~~~~~~
......~~~~~~~≈≈~~~~~)~~~
...#.....~~~≈≈≈~~~.~~~~~
..........~≈≈≈≈≈~~~~~~~~
.....###..~≈≈≈≈≈≈~~~~~~~
.... ##.~~~~~~≈≈≈~~~~~
.. ..~.###~≈≈~~~~~#


You could see a sea snake, a merfolk aquamancer (possessable, extremely
poisoned, ally target), 2 merfolk, 2 water elementals, a merfolk siren
(mesmerising) and a friendly merfolk zombie.

Vanquished Creatures
  Kirke (Lair:4)
  Frances (D:12)
  Aizul (Shoals:1)
  Nessos (D:13)
  Azrael (D:14)
  A merfolk impaler (Shoals:1)
  A fire dragon (D:14)
  Josephine (D:10)
  6 boulder beetles
  An ice dragon (D:15)
  A vault guard (D:14)
  A centaur warrior (D:14)
  A death knight (D:13)
  12 hydras
  Erica (Lair:1)
  An alligator snapping turtle (Shoals:2)
  2 two-headed ogres
  4 death yaks
  2 tengu warriors
  Nergalle (D:11)
  5 skeletal warriors (D:15)
  2 sea snakes (Shoals:1)
  3 harpies (Shoals:1)
  Pikel (D:8)
  4 deep elf pyromancers
  2 wolf spider zombies (D:15)
  11 ugly things
  3 manticores
  5 fauns
  7 cyclopes
  2 merfolk sirens
  2 centaur zombies (D:15)
  9 elephants
  3 black mambas
  2 torpor snails (Lair:4)
  7 cane toads
  A gargoyle (D:12)
  Psyche (D:10)
  6 komodo dragons
  A kobold demonologist (D:11)
  2 rime drakes
  A tengu conjurer (D:15)
  3 polar bears
  A meliai (D:14)
  4 merfolk
  4 trolls
  3 slime creatures (D:13)
  4 blink frogs
  A dream sheep (Lair:4)
  A shadow (D:15)
  A centaur simulacrum (D:15)
  2 water elementals
  5 wyverns
  7 wraiths
  2 vampires
  2 fire elementals (D:14)
  3 hogs (Lair:4)
  3 basilisks
  26 yaks
  Grum (D:11)
  2 steam dragons
  2 redbacks (Lair:2)
  9 vampire mosquitoes
  3 wargs (D:12)
  An acid dragon (D:12)
  2 hell hounds
  13 water moccasins
  3 orc warriors
  A black bear (D:4)
  8 ice beasts
  A sky beast (D:8)
  An ice beast (shapeshifter) (D:15)
  13 wolves
  3 centaurs
  A lemure (D:7)
  A phantom (D:6)
  3 kobold brigands
  8 bullfrogs
  5 scorpions
  8 wights
  An electric eel (Lair:2)
  4 howler monkeys
  A jelly (D:7)
  2 gnoll boudas
  5 hounds
  3 orc priests
  2 iguanas
  12 orc wizards
  Terence (D:3)
  8 adders
  8 gnolls
  3 worms
  3 dart slugs
  24 orcs
  5 bats
  5 endoplasms
  2 giant cockroaches
  9 hobgoblins
  8 jackals (D:1)
  10 kobolds
  2 quokkas
  7 ball pythons
  4 frilled lizards
  9 goblins
  6 rats
  A rat zombie (D:8)
  A spectral goblin (D:2)
428 creatures vanquished.

Vanquished Creatures (collateral kills)
  Gastronok (Lair:2)
  A frost giant (Shoals:1)
  The ghost of Petem the Grappler, a journeyman TrMo (Lair:4)
  A dire elephant (Lair:5)
  2 hydras
  2 boulder beetles
  A catoblepas (Lair:5)
  A deep troll shaman (Lair:5)
  2 death yaks (Lair:5)
  4 skeletal warriors (D:15)
  3 sea snakes (Shoals:1)
  5 harpies (Shoals:1)
  A deep elf pyromancer (D:15)
  2 ugly things (D:15)
  2 fauns
  4 cyclopes (Shoals:1)
  A manticore (Shoals:1)
  2 centaur zombies (D:15)
  An elephant (Lair:4)
  A merfolk siren (Shoals:1)
  4 black mambas
  3 cane toads
  2 komodo dragons
  2 torpor snails (Lair:4)
  3 rime drakes
  A tengu conjurer (D:14)
  A polar bear (Lair:2)
  3 merfolk
  A wind drake (Shoals:1)
  5 blink frogs
  A snapping turtle (Lair:2)
  2 shadows
  3 wraiths
  A water elemental (Shoals:2)
  12 yaks
  2 wyverns
  A fire elemental (D:15)
  A hog (Lair:4)
  2 basilisks
  A vampire mosquito (D:12)
  3 water moccasins
  4 wolves
  2 centaurs
  3 bullfrogs
  A wight (D:9)
  A howler monkey (D:10)
  2 orc wizards (D:10)
  3 orcs
  3 kobolds (D:11)
  A bush (Lair:2)
  A butterfly (Lair:2)
113 creatures vanquished.

Vanquished Creatures (others)
  4 ugly thing zombies
  A spectral efreet (D:14)
  A catoblepas zombie (Lair:5)
  2 death yak zombies (Lair:5)
  A sea snake zombie (Shoals:1)
  A spectral cyclops (Shoals:2)
  A hydra zombie (D:13)
  2 harpy zombies (Shoals:1)
  4 merfolk zombies
  2 boulder beetle zombies
  A deep troll zombie (Lair:5)
  2 black mamba zombies
  A slime creature zombie (D:13)
  A spectral polar bear (Lair:5)
  A faun zombie (Shoals:1)
  A tengu zombie (D:15)
  A manticore zombie (Shoals:1)
  2 elephant zombies (Lair:5)
  An elf zombie (D:14)
  3 hog zombies (Lair:4)
  A spectral water moccasin (Lair:4)
  2 blink frog zombies
  A torpor snail zombie (Lair:4)
  3 rime drake zombies
  A hell hound zombie (D:15)
  A komodo dragon zombie (Lair:5)
  3 wyvern zombies
  3 cyclops zombies (Shoals:1)
  9 water moccasin zombies
  7 yak zombies
  A polar bear zombie (Lair:5)
  7 wolf zombies
  2 basilisk zombies
  3 centaur zombies
  3 bullfrog zombies (Lair:4)
  An orc wizard (D:10)
  A steam dragon zombie (D:10)
  2 kobold zombies (D:11)
  8 orc zombies
  41 fungi
  128 plants
  13 withered plants (D:15)
274 creatures vanquished.

Grand Total: 815 creatures vanquished

Notes
Turn   | Place    | Note
-------+----------+-------------------------------------------
     0 | D:1      | EvilAshe the Human Fighter began the quest for the Orb.
     0 | D:1      | Reached XP level 1. HP: 18/18 MP: 1/1
   233 | D:1      | Reached XP level 2. HP: 20/24 MP: 2/2
   537 | D:1      | Reached XP level 3. HP: 28/29 MP: 3/3
  1284 | D:2      | Reached XP level 4. HP: 35/35 MP: 4/4
  1912 | D:2      | Found a faded altar of an unknown god.
  2619 | D:3      | Noticed Terence
  2763 | D:3      | Reached XP level 5. HP: 37/41 MP: 5/5
  3039 | D:3      | Reached skill level 5 in Long Blades
  3352 | D:4      | Reached XP level 6. HP: 47/47 MP: 6/6
  3981 | D:5      | Entered Level 5 of the Dungeon
  4477 | D:5      | Reached XP level 7. HP: 43/52 MP: 5/7
  4543 | D:5      | Reached skill level 4 in Armour
  5727 | D:3      | Killed Terence
  6134 | D:5      | Found Ziurhof's Weapon Shoppe.
  6190 | D:5      | Reached XP level 8. HP: 54/58 MP: 8/8
  6350 | D:6      | Found a snail-covered altar of Cheibriados.
  6440 | D:5      | Reached skill level 5 in Armour
  7049 | D:6      | Found a basalt altar of Yredelemnul.
  7063 | D:6      | Became a worshipper of Yredelemnul the Dark
  7207 | D:6      | You fall into a shaft and drop 2 floors!
  7329 | D:8      | Reached skill level 6 in Armour
  7339 | D:8      | Reached XP level 9. HP: 39/63 MP: 6/9
  7566 | D:7      | Noticed Pikel
  7566 | D:7      | Found a sparkling altar of Nemelex Xobeh.
  7566 | D:7      | Found an ornate altar of the Wu Jian Council.
  7566 | D:7      | Found a staircase to the Ecumenical Temple.
  7566 | D:7      | Found a shimmering blue altar of Sif Muna.
  7566 | D:7      | Found a hazy altar of Hepliaklqana.
  7901 | D:8      | Found a glowing golden altar of the Shining One.
  7934 | D:8      | Reached skill level 10 in Long Blades
  7939 | D:8      | Reached * piety under Yredelemnul
  7957 | D:8      | Reached skill level 7 in Armour
  8368 | D:8      | Found Hykiybaf's Book Shop.
  8693 | D:7      | Found a blossoming altar of Fedhas.
  8739 | D:8      | Killed Pikel
  8740 | D:8      | Reached XP level 10. HP: 70/70 MP: 10/10
  8851 | D:7      | Reached skill level 8 in Armour
  9702 | D:8      | Found an ancient bone altar of Kikubaaqudgha.
  9791 | D:8      | Found a white marble altar of Elyvilon.
 10050 | D:9      | Found an iron altar of Okawaru.
 10481 | D:9      | Found a staircase to the Lair.
 10545 | D:9      | Found a broken altar of Ashenzari.
 10547 | D:9      | Found a shimmering altar of Xom.
 10702 | D:9      | Reached ** piety under Yredelemnul
 10963 | D:10     | Entered Level 10 of the Dungeon
 10963 | D:10     | Found Nuogeuso's Antique Armour Shoppe.
 11065 | D:10     | Reached skill level 1 in Invocations
 11244 | D:10     | Noticed Psyche
 11257 | D:10     | Killed Psyche
 11258 | D:10     | Reached skill level 9 in Armour
 11258 | D:10     | Reached XP level 11. HP: 48/75 MP: 4/12
 11600 | D:10     | Noticed Josephine
 12520 | D:11     | Noticed a boulder beetle
 12777 | D:10     | Killed a boulder beetle
 12807 | D:11     | Noticed a seven-headed hydra
 12925 | D:10     | Killed Josephine
 13022 | D:11     | Noticed Grum
 13022 | D:11     | Noticed a cyclops
 13045 | D:11     | Killed a cyclops
 13046 | D:11     | Reached skill level 5 in Fighting
 13067 | D:11     | Killed Grum
 13348 | Lair:1   | Entered Level 1 of the Lair of Beasts
 13369 | Lair:1   | Noticed Erica
 13392 | Lair:1   | Noticed a seven-headed hydra
 13624 | Lair:1   | Killed a seven-headed hydra
 13773 | Lair:1   | Noticed a five-headed hydra
 13802 | Lair:1   | Killed a five-headed hydra
 13941 | Lair:1   | Killed Erica
 13942 | Lair:1   | Reached skill level 10 in Armour
 13942 | Lair:1   | Reached skill level 5 in Invocations
 13942 | Lair:1   | Reached XP level 12. HP: 41/87 MP: 10/15
 14246 | Lair:1   | Noticed a four-headed hydra
 14255 | Lair:1   | Killed a one-headed hydra
 14540 | Lair:1   | Noticed a seven-headed hydra
 14551 | Lair:1   | Killed a one-headed hydra
 15111 | Lair:2   | Reached skill level 1 in Dodging
 15113 | Lair:2   | Found a hole to the Spider Nest.
 15836 | Lair:2   | Reached *** piety under Yredelemnul
 16087 | Lair:2   | Noticed an eight-headed hydra
 16099 | Lair:2   | Killed a four-headed hydra
 16367 | Lair:2   | Reached **** piety under Yredelemnul
 16473 | Lair:2   | Found a staircase to the Shoals.
 16489 | Lair:2   | Reached ***** piety under Yredelemnul
 16820 | Lair:2   | Noticed Gastronok
 16830 | Lair:2   | Killed Gastronok
 16831 | Lair:2   | Reached ****** piety under Yredelemnul
 16831 | Lair:2   | Reached skill level 11 in Armour
 17235 | Lair:3   | Noticed a seven-headed hydra
 17242 | Lair:3   | Killed a three-headed hydra
 17278 | Lair:3   | Reached XP level 13. HP: 56/98 MP: 10/18
 18221 | Lair:4   | Reached skill level 5 in Dodging
 18634 | Lair:4   | Noticed an eight-headed hydra
 18655 | Lair:4   | Killed a four-headed hydra
 18868 | Lair:4   | Noticed a seven-headed hydra
 18876 | Lair:4   | Killed a three-headed hydra
 19041 | Lair:4   | Noticed a five-headed hydra
 19044 | Lair:4   | Noticed a boulder beetle
 19062 | Lair:4   | Reached skill level 12 in Armour
 19063 | Lair:4   | Noticed a six-headed hydra
 19070 | Lair:4   | Killed a two-headed hydra
 19319 | Lair:4   | Killed a boulder beetle
 19426 | Lair:4   | Noticed a boulder beetle
 19437 | Lair:4   | Killed a boulder beetle
 19489 | Lair:4   | Killed a three-headed hydra
 19688 | Lair:4   | Noticed a boulder beetle
 19702 | Lair:4   | Killed a boulder beetle
 19703 | Lair:4   | Reached XP level 14. HP: 82/108 MP: 17/21
 20026 | Lair:4   | Found a large runed translucent door.
 20026 | Lair:4   | Found a large runed translucent door.
 20028 | Lair:4   | Noticed Petem's ghost (journeyman TrMo)
 20079 | Lair:4   | Killed Petem's ghost
 20276 | Lair:4   | Identified the +2 robe "Onamikh" {MP+9}
 20357 | Lair:4   | Noticed Kirke
 20456 | Lair:4   | Reached skill level 10 in Invocations
 20473 | Lair:4   | Killed Kirke
 20924 | Lair:4   | Reached skill level 10 in Fighting
 21500 | Lair:5   | Entered Level 5 of the Lair of Beasts
 21970 | Lair:5   | Reached skill level 13 in Armour
 22551 | Lair:5   | Found a staircase to the Slime Pits.
 22760 | Lair:5   | Noticed a dire elephant
 23400 | Lair:5   | Reached XP level 15. HP: 106/117 MP: 20/23
 24273 | D:11     | Noticed Nergalle
 24285 | D:11     | Killed Nergalle
 24716 | D:12     | Found a staircase to the Orcish Mines.
 25813 | D:13     | Noticed Nessos
 25839 | D:13     | Killed Nessos
 26079 | D:13     | Found a portal to a secret trove of treasure.
 26335 | D:13     | Your ally Nessos died
 26340 | D:13     | Noticed Frances
 27144 | D:14     | Found a sparkling altar of Nemelex Xobeh.
 27156 | D:14     | Noticed Azrael
 27194 | D:14     | Killed Azrael
 27208 | D:14     | Your ally Azrael died
 27572 | D:14     | Identified Roxanne's Handbook of the Figure
 27572 | D:14     | Noticed Roxanne
 27753 | D:12     | Killed Frances
 27754 | D:12     | Reached skill level 14 in Armour
 28851 | D:14     | Reached skill level 10 in Dodging
 29091 | D:14     | Found a gate to the Vaults.
 29094 | D:14     | Identified the +0 pair of boots of the Known World {Int+3}
 29273 | D:15     | Entered Level 15 of the Dungeon
 29897 | D:15     | Reached XP level 16. HP: 127/127 MP: 25/25
 32071 | D:15     | Found a staircase to the Depths.
 32298 | D:15     | Found Qafumaer's Neck Hole.
 32533 | Shoals:1 | Entered Level 1 of the Shoals
 32634 | Shoals:1 | Reached skill level 5 in Shields
 32769 | Shoals:1 | Noticed Aizul
 32793 | Shoals:1 | Killed Aizul
 33038 | Shoals:1 | Noticed a frost giant
 33357 | Shoals:1 | Reached skill level 15 in Armour
 33503 | Shoals:1 | HP: 4/129 [frost giant/+0 battleaxe of freezing (3)]
 33507 | Shoals:1 | Killed a frost giant
 35139 | Shoals:2 | Killed from afar by a merfolk aquamancer

Illustrated notes

Levels and vault maps discovered:
D:1:      minmay_arrival_radiant_lines, layout_basic
D:2:      layout_basic, dreamdust_ecumenical_altar_drowned_temple
D:3:      layout_basic, eino_tiny_chamber, uniq_terence
D:4:      layout_layer_cave
D:5:      layout_rooms, serial_shops, nicolae_shop_bloodbath_and_beyond
D:6:      layout_gridville, yredelemnul_altar_generic, lemuel_doored_altar
D:7:      layout_cave_pods, grunt_temple_overflow_open,
          minmay_temple_entry_butterflies, minmay_holes,
          amcnicky_mini_corridor_feature, uniq_pikel
D:8:      layout_loops_ring, lemuel_coloured_pillars_altar,
          lemuel_zombie_altar_kikubaaqudgha, general_overflow_altar,
          serial_shops, shop_fountains
D:9:      layout_cross, kennysheep_mini, mainiacjoe_overflow_catwalk_spiral,
          lair_entry_dummy
D:10:     layout_basic, serial_shops, nicolae_shop_crystal, uniq_josephine,
          uniq_psyche
D:11:     minmay_ice_pillars, layout_cave_pools, uniq_grum, uniq_nergalle
D:12:     layout_loops_ring, minmay_orc_entry_guard_dogs, blue_anna_alchemist
D:13:     layout_small_grid, nicolae_trove_entry_crossroad, uniq_frances,
          uniq_nessos
D:14:     layout_rooms, david_vaults_5, kennysheep_donut,
          nemelex_spade_bored_becter, uniq_roxanne, uniq_azrael
D:15:     grunt_enter_depths_hoard, layout_cave_pools, nicolae_triple_integral,
          serial_undead, serial_undead_f, serial_undead_a, serial_undead_a,
          serial_undead_f, serial_undead_f, serial_undead_b,
          nicolae_shop_sticking_my_neck_out
Lair:1:   layout_cellular_growth, grunt_megastairs_3, serial_bayou_shore_b,
          uniq_erica
Lair:2:   layout_cave_pods, minmay_shoals_entry_hut, spider_nest_entry_a,
          lemuel_fruit_fields, uniq_gastronok
Lair:3:   layout_misc_corridors, serial_bayou_ford_a
Lair:4:   nzn_winding_woodlands_large [nzn_winding_woodlands_5x5_three,
          nzn_winding_woodlands_5x15_garden,
          nzn_winding_woodlands_5x5_checkerboard,
          nzn_winding_woodlands_center_lodge,
          nzn_winding_woodlands_15x15_killbox,
          nzn_winding_woodlands_center_pierced_h,
          nzn_winding_woodlands_5x5_open_star, nzn_winding_woodlands_5x15_eye,
          nzn_winding_woodlands_5x5_default], layout_cave_pods,
          ebering_ghost_disaster_area, serial_forest, infiniplex_forest_clump_C,
          infiniplex_forest_lined_corner, infiniplex_forest_lined_3_way,
          infiniplex_forest_clump_diagonal, infiniplex_forest_straight_2,
          chequers_serial_rivers_small_3, wad_woods_river_04, uniq_kirke
Lair:5:   grunt_lair_end_beastmaster, layout_cave_pods,
          dpeg_slime_entry_enclosed
Shoals:1: layout_shoals, st_shoals_ruin, uniq_aizul
Shoals:2: layout_shoals

Skill      XL: |  1  2  3  4  5  6  7  8  9 10 11 12 13 14 15 16 |
---------------+-------------------------------------------------+-----
Long Blades    | 3 4 5 6 7 9 11 12 14 | 14.0
Armour         | 4 6 7 9 10 11 12 13 14 15 | 15.2
Invocations    | 1 5 7 9 11 12 13 | 13.8
Fighting       | 5 7 9 10 12 13 | 13.1
Dodging        | 4 6 8 10 | 10.0
Shields        | 6 |  6.4

Action                   |  1- 3 |  4- 6 |  7- 9 | 10-12 | 13-15 | 16-18 || total
-------------------------+-------+-------+-------+-------+-------+-------++-------
Melee: Long sword        |   101 |   176 |   251 |   589 |  1117 |   351 ||  2585
       Scimitar          |       |       |       |    26 |    80 |    82 ||   188
       Unarmed           |       |       |       |       |     4 |       ||     4
Throw: Stone             |     1 |    15 |       |       |       |       ||    16
       Javelin           |       |     1 |    27 |     7 |       |       ||    35
       Dart              |       |       |     3 |    13 |     3 |       ||    19
Invok: Dark Bargain      |       |       |       |     2 |     3 |     2 ||     7
       Recall Undead Har |       |       |       |     3 |     5 |     1 ||     9
       Bind Soul         |       |       |       |     1 |     2 |     2 ||     5
       Drain Life        |       |       |       |       |     1 |       ||     1
Evoke: Wand              |       |       |       |    13 |     1 |     1 ||    15
  Use: Scroll            |       |       |    10 |     6 |    13 |     1 ||    30
       Potion            |       |       |     1 |     3 |       |     2 ||     6
 Stab: Distracted        |       |       |     1 |     4 |    25 |     8 ||    38
       Paralysed         |       |       |       |       |     5 |       ||     5
       Fleeing           |       |       |       |       |       |     1 ||     1
Armor: Scale mail        |    54 |    17 |       |       |       |       ||    71
       Plate armour      |       |    87 |   174 |   389 |   641 |   253 ||  1544
Dodge: Dodged            |    40 |    35 |    47 |   130 |   415 |   148 ||   815
Block: Buckler           |    22 |    36 |    52 |   134 |   238 |       ||   482
       Kite shield       |       |       |       |       |    35 |   308 ||   343
       Reflection        |       |       |       |       |       |    26 ||    26
